 Dungeon Crawl Stone Soup version 0.26.1-11-gd32895ea62 (webtiles) character file.

Game seed: 17510700121681473521

7578 2bobheroes the Destroyer (level 10, -3/75 HPs)
             Began as a Deep Elf Conjurer on June 5, 2021.
             Was an Elder of Vehumet.
             Splashed by an acid dragon's acid (7 damage)
             ... on level 9 of the Dungeon on June 6, 2021.
             The game lasted 01:10:31 (13120 turns).

2bobheroes the Destroyer (Deep Elf Conjurer)       Turns: 13120, Time: 01:10:32

Health: -3/75      AC: 21    Str:  4    XL:     10   Next: 97%
Magic:  0/24       EV:  2    Int: 27    God:    Vehumet [****..]
Gold:   1322       SH:  0    Dex: 13    Spells: 3/26 levels left

rFire    . . .     SeeInvis .   x - +4 quarterstaff (chaos)
rCold    . . .     Faith    .   (shield currently unavailable)
rNeg     + + +     Spirit   +   (armour currently unavailable)
rPois    +         Reflect  .   (helmet currently unavailable)
rElec    .         Harm     .   (cloak currently unavailable)
rCorr    .         Rampage  .   (gloves currently unavailable)
Will     +....     NoTele   +   (boots currently unavailable)
Stlth    +++.......             a - amulet of guardian spirit
HPRegen  0.22/turn              Q - ring of stealth
MPRegen  0.19/turn              H - ring of teleportation (curse)

@: tree-form, corroded
A: no striking features
a: Renounce Religion


You were on level 9 of the Dungeon.
You worshipped Vehumet.
Vehumet was greatly pleased with you.
You were a tree.
You visited 1 branch of the dungeon, and saw 9 of its levels.
You also visited: Bailey.

You collected 1322 gold pieces.

Inventory:

Hand Weapons
 e - a +0 spear of venom
 r - a +1 flail of protection
 x - a +4 quarterstaff of chaos (weapon)
 C - a +0 scimitar
 K - a +0 bardiche
Missiles
 c - 15 boomerangs
 d - 311 stones
 f - 41 poisoned darts (quivered)
 h - 22 sling bullets
 z - 2 datura-tipped darts
 A - 11 throwing nets
 L - 2 silver boomerangs
Armour
 u - a scarf of repulsion (melded)
 w - a +0 pair of gloves (melded)
 y - a +2 helmet of intelligence (melded)
 B - a +2 leather armour of cold resistance (melded)
 M - a +0 cloak of preservation
Magical Staves
 P - an uncursed staff of air
Jewellery
 a - an amulet of guardian spirit (around neck)
 E - an uncursed ring of ice
 H - a cursed ring of teleportation (right branch)
 Q - a ring of stealth (left branch)
Wands
 b - a wand of paralysis (3)
 i - a wand of random effects (32)
 F - a wand of digging (4)
 I - a wand of iceblast (6)
Scrolls
 g - 2 scrolls of identify
 j - a scroll of immolation {unknown}
 l - 3 scrolls of fog
 s - 2 scrolls of remove curse
 t - 2 scrolls of magic mapping
 v - 2 scrolls of noise {unknown}
 G - 3 scrolls of fear
 O - a scroll of enchant weapon {unknown}
Potions
 n - 2 potions of curing
 o - 4 potions of flight
 p - 2 potions of brilliance {unknown}
 q - a potion of cancellation {unknown}
 N - a potion of mutation {unknown}
Miscellaneous
 J - a condenser vane


   Skills:
 - Level 1.5 Short Blades
 + Level 4.6 Staves
 + Level 9.6 Dodging
 - Level 2.4 Stealth
 * Level 8.5 Spellcasting
 - Level 12.3 Conjurations
 * Level 8.5 Hexes


You had 3 spell levels left.
You knew the following spells:

 Your Spells              Type           Power        Failure   Level
a - Magic Dart            Conj           100%         1%          1
b - Searing Ray           Conj           100%         1%          2
c - Dazzling Flash        Conj/Hex       100%         1%          3
d - Fulminant Prism       Conj/Hex       31%          1%          4
e - Slow                  Hex            55%          1%          2
f - Inner Flame           Hex/Fire       34%          1%          3
g - Cause Fear            Hex            27%          1%          4
h - Leda's Liquefaction   Hex/Erth       17%          9%          4

Your spell library contained the following spells:

 Spells                   Type           Power        Failure   Level
 Bolt of Magma            Conj/Fire/Erth 16%          7%          5
 Corona                   Hex            61%          1%          1
 Portal Projectile        Hex/Tloc       68%          2%          3
 Iskenderun's Mystic Bla  Conj/Tloc      45%          1%          4


Dungeon Overview and Level Annotations

Branches:
Dungeon (9/15)             Temple (0/1) D:4          Bailey (visited)
   Lair: D:8-11         Orc: D:9-12

Altars:
Ashenzari
Cheibriados
Dithmenos
Gozag
Hepliaklqana
Kikubaaqudgha
Nemelex Xobeh
Okawaru
Trog
Uskayaw
Vehumet
Wu Jian
Xom
Zin


Message History

You see here 19 gold pieces.
You feel better. The acid dragon spits acid at you.
The splash of acid hits you.
You are splashed with acid!
* * * LOW HITPOINT WARNING * * *
You hear a shout!
You hear a howl!
Unknown command.
It was a potion of lignification.
You turn into a tree.
Your scarf of repulsion melds into your body.
Your +2 helmet of intelligence melds into your body.
Your +0 pair of gloves melds into your body.
Your +2 leather armour of cold resistance melds into your body.
The haze of the repulsion field disappears.
You feel stupid.
You feel less resistant to cold.
Your roots penetrate the ground.
The acid dragon spits acid at you. The splash of acid hits you.
* * * LOW HITPOINT WARNING * * *
The acid corrodes you!
You are splashed with acid!
You die...

## #. #..
#..#[##
#..#..#####
.........
#8.D8#
##....##
#.....♣#
##.†$$##
######
......⌠
#.._.._..#
#⌠......⌠#
#........#
#
+########+
#


You could see an acid dragon (catching breath).

Vanquished Creatures
  Harold (D:8)
  A flayed ghost (D:9)
  Maurice (D:8)
  Grinder (D:4)
  3 slime creatures (D:6)
  Sigmund (D:6)
  A yak (D:8)
  Edmund (D:5)
  Menkaure (D:4)
  Duvessa (D:4)
  3 orc warriors
  An ice beast (D:5)
  A phantom (D:8)
  4 sky beasts
  A necrophage (D:4)
  3 ogres
  5 centaurs
  Blork the orc (D:5)
  3 big kobolds (D:6)
  A bullfrog (D:7)
  8 gnoll sergeants (Bailey)
  5 scorpions
  Dowan (D:4)
  5 killer bees
  A howler monkey (D:5)
  3 bullfrog zombies
  2 centaur zombies (D:5)
  6 gnoll shamans (Bailey)
  Crazy Yiuf (D:5)
  3 orc priests
  7 hounds
  10 jellies
  5 orc wizards
  A bullfrog skeleton (D:7)
  Ijyb (D:5)
  3 worker ants
  4 hound skeletons
  2 howler monkey zombies (D:5)
  17 gnolls
  A howler monkey skeleton (D:8)
  11 adders
  A shadow imp (D:5)
  2 white imps
  3 ufetubi
  2 oozes
  2 worms
  2 dart slugs (D:2)
  8 leopard geckos
  19 orcs
  4 giant cockroaches
  7 goblins
  6 hobgoblins
  10 jackals
  9 quokkas
  A ball python (D:4)
  A bat (D:3)
  4 frilled lizards
  2 jackal skeletons
  13 kobolds
  A leopard gecko skeleton (D:6)
  2 quokka skeletons (D:5)
  6 rats
237 creatures vanquished.

Vanquished Creatures (others)
  19 fulminant prisms
  6 fungi (D:6)
  9 toadstools (D:6)
34 creatures vanquished.

Grand Total: 271 creatures vanquished

Notes
Turn   | Place    | Note
-------+----------+-------------------------------------------
     0 | D:1      | 2bobheroes the Deep Elf Conjurer began the quest for the
                  | Orb.
     0 | D:1      | Reached XP level 1. HP: 10/10 MP: 6/6
   718 | D:2      | Reached XP level 2. HP: 15/15 MP: 5/8
   749 | D:1      | Learned a level 2 spell: Searing Ray
   822 | D:2      | Found a snail-covered altar of Cheibriados.
   916 | D:2      | Reached skill level 5 in Conjurations
  1091 | D:2      | Reached XP level 3. HP: 18/19 MP: 5/9
  1528 | D:2      | Found a bloodstained altar of Trog.
  1892 | D:2      | Reached XP level 4. HP: 24/24 MP: 6/10
  2675 | D:3      | Found a shadowy altar of Dithmenos.
  2721 | D:3      | Noticed a centaur
  2726 | D:3      | Killed a centaur
  2727 | D:3      | Reached skill level 6 in Conjurations
  2727 | D:3      | Reached XP level 5. HP: 9/28 MP: 5/11
  2967 | D:3      | Learned a level 3 spell: Dazzling Flash
  2972 | D:3      | Learned a level 4 spell: Fulminant Prism
  2980 | D:3      | Found a radiant altar of Vehumet.
  2991 | D:3      | Became a worshipper of Vehumet
  3279 | D:3      | Found a hazy altar of Hepliaklqana.
  3303 | D:3      | Reached skill level 1 in Hexes
  3371 | D:3      | Reached XP level 6. HP: 32/32 MP: 5/12
  3592 | D:3      | Reached skill level 7 in Conjurations
  3702 | D:3      | Found a hide-covered altar of Uskayaw.
  4051 | D:4      | Noticed a sky beast
  4088 | D:4      | Killed a sky beast
  4089 | D:4      | Reached skill level 5 in Dodging
  4270 | D:4      | Noticed Menkaure
  4306 | D:4      | Noticed an orc warrior
  4683 | D:4      | Killed Menkaure
  4684 | D:4      | Reached XP level 7. HP: 36/36 MP: 7/13
  4841 | D:4      | Noticed Grinder
  4845 | D:4      | Killed Grinder
  4846 | D:4      | Reached skill level 8 in Conjurations
  4899 | D:4      | Noticed Dowan
  4904 | D:4      | Killed Dowan
  5393 | D:4      | Found a glowing silver altar of Zin.
  5393 | D:4      | Found an opulent altar of Gozag.
  5645 | D:4      | Found a bloodstained altar of Trog.
  5693 | D:4      | Found a staircase to the Ecumenical Temple.
  5997 | D:4      | Noticed Duvessa
  6107 | D:4      | Paralysed by Duvessa for 6 turns
  6116 | D:4      | Killed Duvessa
  6117 | D:4      | Reached skill level 9 in Conjurations
  6117 | D:4      | Reached XP level 8. HP: 25/41 MP: 6/14
  6250 | D:5      | Entered Level 5 of the Dungeon
  6260 | D:4      | Reached * piety under Vehumet
  6260 | D:4      | Offered knowledge of Shock by Vehumet.
  6261 | D:4      | Reached skill level 5 in Hexes
  6364 | D:5      | Learned a level 2 spell: Slow
  6388 | D:5      | Found a runed translucent door.
  6389 | D:5      | Noticed Crazy Yiuf
  6489 | D:5      | Noticed Blork the orc
  6500 | D:5      | Killed Blork the orc
  6561 | D:5      | Noticed Ijyb
  6566 | D:5      | Killed Ijyb
  7106 | D:5      | Found a sparkling altar of Nemelex Xobeh.
  7220 | D:5      | Reached skill level 10 in Conjurations
  7350 | D:5      | Found an ornate altar of the Wu Jian Council.
  7573 | D:5      | Learned a level 3 spell: Inner Flame
  7644 | D:5      | Reached skill level 1 in Short Blades
  7772 | D:5      | Reached XP level 9. HP: 45/45 MP: 13/18
  7815 | D:5      | Noticed Edmund
  7827 | D:5      | Killed Edmund
  7828 | D:5      | Reached skill level 5 in Spellcasting
  8038 | D:5      | Killed Crazy Yiuf
  8103 | D:6      | Found a shimmering altar of Xom.
  8708 | D:6      | Noticed Sigmund
  8712 | D:6      | Killed Sigmund
  8712 | D:6      | Reached ** piety under Vehumet
  8713 | D:6      | Reached skill level 1 in Staves
  8856 | D:6      | Offered knowledge of Freeze by Vehumet.
  8913 | D:6      | Learned a level 4 spell: Cause Fear
  9117 | D:6      | Reached skill level 11 in Conjurations
  9766 | D:7      | Offered knowledge of Stone Arrow by Vehumet.
 10010 | D:7      | Reached XP level 10. HP: 50/50 MP: 17/21
 10325 | D:7      | Found a broken altar of Ashenzari.
 10598 | D:7      | Reached *** piety under Vehumet
 11105 | D:8      | Noticed Harold
 11113 | D:8      | Noticed Maurice
 11116 | D:8      | Killed Harold
 11117 | D:8      | Reached skill level 12 in Conjurations
 11135 | D:8      | Killed Maurice
 11157 | D:8      | Found a flagged portal.
 11166 | Bailey   | Entered a bailey
 11182 | Bailey   | Offered knowledge of Hailstorm by Vehumet.
 12313 | D:8      | Found an ancient bone altar of Kikubaaqudgha.
 12371 | D:8      | Learned a level 4 spell: Leda's Liquefaction
 12675 | D:8      | Got a twisted scale mail
 13005 | D:9      | Reached **** piety under Vehumet
 13092 | D:9      | Found a shimmering altar of Xom.
 13092 | D:9      | Noticed a harpy
 13092 | D:9      | Noticed a flayed ghost
 13108 | D:9      | Killed a flayed ghost
 13110 | D:9      | Offered knowledge of Bolt of Magma by Vehumet.
 13114 | D:9      | Found an iron altar of Okawaru.
 13120 | D:9      | Splashed by an acid dragon's acid

Illustrated notes

Levels and vault maps discovered:
D:1:      minmay_arrival_nine_rooms, layout_basic
D:2:      layout_loops_corners, cheibriados_altar_1, lemuel_statue_altar
D:3:      layout_basic, overflow_temple_1_default, vehumet_crystals,
          nzn_hepliaklqana_mist_gate, grunt_dithmenos_smoke
D:4:      layout_layer_cave, grunt_temple_overflow_gold_and_silver, bloody_trog,
          minmay_temple_entry_enclosed_plants, uniq_duvessa, uniq_grinder,
          uniq_menkaure
D:5:      minmay_chambers_of_threes, layout_cave_pools, kennysheep_mini_moat,
          nemelex_xobeh_ov_fountains_minmay, uniq_ijyb, uniq_crazy_yiuf_cottage,
          uniq_blork_the_orc, uniq_edmund
D:6:      cheibrodos_fertilizer, layout_cave_pools, general_overflow_altar,
          grunt_decor_arrowhead, kennysheep_generic_room_5, uniq_sigmund
D:7:      layout_gridville, ashenzari_conservatory_becter, minmay_between
D:8:      layout_basic, kiku_gazebo_pond_becter, enter_bailey_5,
          small_chamber_with_monster, uniq_harold, uniq_maurice
D:9:      layout_basic, kennysheep_okawaru_gauntlet, jmf_multi_god_temple

Skill      XL: |  1  2  3  4  5  6  7  8  9 10 |
---------------+-------------------------------+-----
Dodging        | 3 4 5 6 7 8 9 |  9.6
Conjurations   | 5 6 7 9 10 11 12 | 12.3
Hexes          | 1 2 4 5 6 8 |  8.5
Spellcasting   | 4 6 8 |  8.5
Short Blades   | 1 |  1.5
Staves         | 2 4 |  4.6
Stealth        | |  2.4

Action                   |  1- 3 |  4- 6 |  7- 9 | 10-12 || total
-------------------------+-------+-------+-------+-------++-------
Melee: Unarmed           |     4 |       |       |       ||     4
       Short sword       |     5 |       |     1 |       ||     6
       Quarterstaff      |       |       |     1 |       ||     1
Throw: Dart              |       |       |       |    14 ||    14
 Cast: Magic Dart        |    69 |    94 |   143 |    58 ||   364
       Searing Ray       |       |     5 |    43 |    51 ||    99
       Dazzling Flash    |       |       |     2 |     2 ||     4
       Fulminant Prism   |       |       |     7 |    12 ||    19
       Inner Flame       |       |       |     6 |     7 ||    13
       Slow              |       |       |     6 |     3 ||     9
       Cause Fear        |       |       |       |     2 ||     2
Evoke: Wand              |       |       |       |     1 ||     1
  Use: Scroll            |       |     5 |     4 |     3 ||    12
       Potion            |       |     1 |     1 |     9 ||    11
 Stab: Invisible         |       |       |     1 |       ||     1
Armor: Leather armour    |     4 |     4 |     9 |    12 ||    29
Dodge: Dodged            |     8 |    15 |    52 |    68 ||   143
       Repelled          |       |       |     3 |     2 ||     5
